 Dungeon Crawl Stone Soup version 0.28-a0-1159-g27aa881441 (webtiles) character file.

Game seed: 8476929912598966211

182 coolguy420 the Conjurer (level 5, -1/28 HPs)
             Began as a Deep Elf Conjurer on Dec 15, 2021.
             Slain by a howler monkey (3 damage)
             ... on level 4 of the Dungeon.
             The game lasted 00:06:23 (3337 turns).

coolguy420 the Conjurer (Deep Elf Conjurer)         Turns: 3337, Time: 00:06:24

Health: -1/28      AC:  2    Str:  3 (4)  XL:     5   Next: 35%
Magic:  5/14       EV: 12    Int: 24 (25) God:
Gold:   153        SH:  0    Dex: 10 (13) Spells: 11/14 levels left

rFire   . . .      SeeInvis .   (no weapon)
rCold   . . .      Faith    .   (no shield)
rNeg    . . .      Spirit   .   a - +0 robe
rPois   .          Reflect  .   (no helmet)
rElec   .          Harm     .   (no cloak)
rCorr   .          Rampage  .   (no gloves)
Will    .....                   (no boots)
Stlth   ++........              (no amulet)
HPRegen 0.09/turn               (no ring)
MPRegen 0.14/turn               (no ring)

@: no status effects
A: no striking features
a: no special abilities


You were on level 4 of the Dungeon.
You visited 1 branch of the dungeon, and saw 4 of its levels.

You collected 153 gold pieces.

Inventory:

Armour
 a - a +0 robe (worn)
Jewellery
 b - a ring of protection from cold
 f - a ring of positive energy
Scrolls
 c - a scroll of fear {unknown}
 d - a scroll of identify
 j - 2 scrolls of noise {unknown}
 l - a scroll of fog {unknown}
Potions
 e - a potion of degeneration
 k - a potion of mutation {unknown}


   Skills:
 + Level 0.1 Fighting
 + Level 2.8 Dodging
 + Level 3.3 Stealth
 + Level 5.0 Spellcasting
 + Level 6.0 Conjurations


You had 11 spell levels left.
You knew the following spells:

 Your Spells              Type           Power      Damage    Failure   Level
a - Magic Dart            Conj           100%       1d8       1%          1
b - Searing Ray           Conj           70%        2d7       1%          2

Your spell library contained the following spells:

 Spells                   Type           Power      Damage    Failure   Level
 Dazzling Flash           Conj/Hex       40%        N/A       8%          3
 Fulminant Prism          Conj/Hex       10%        3d9       26%         4
 Iskenderun's Mystic Bla  Conj/Tloc      20%        2d6       26%         4


Dungeon Overview and Level Annotations

Branches:
Dungeon (4/15)
 Temple: D:4-7

Altars:
The Shining One

Annotations:
D:3 3 runed translucent doors, SensoryNuts's ghost, amateur DsGl; spaghetti's ghost, weakling OpDe


Message History

You struggle to resist.
The orc priest calls down the wrath of Beogh upon you.
You struggle to resist.
A howler monkey comes into view.
The magic dart hits the orc priest.
The orc priest is almost dead.
The howler monkey howls!
The magic dart hits the orc priest!
You kill the orc priest!
The orc priest invokes the aid of Beogh against you.
Beogh smites you!
* * * LOW HITPOINT WARNING * * *
You feel your strength returning.
Your Spellcasting skill increases to level 5!
Your Conjurations skill increases to level 6!
You are too injured to fight recklessly!
You see here a +0 dagger.
Casting: Magic Dart (safe; 1% risk of failure)
Confirm with . or Enter, or press ? or * to list all spells.
Aiming: Searing Ray (safe; 1% risk of failure)
Press: ? - help, Shift-Dir - straight line, f - howler monkey
Aim: a howler monkey (78% to hit)
The searing ray hits the howler monkey.
The howler monkey is moderately wounded. (Press . to maintain the ray.)
The searing ray hits the howler monkey.
The howler monkey is heavily wounded.
The howler monkey barely misses you.
The searing ray misses the howler monkey.
The searing ray hits the orc.
The orc is almost dead.
The howler monkey hits you.
* * * LOW HITPOINT WARNING * * *
The searing ray misses the howler monkey.
The searing ray hits the orc.
You kill the orc!
You finish channelling your searing ray.
The howler monkey hits you but does no damage.
The howler monkey hits you.
You die...

#.# #.# ....... #.#
#..... #.# #.....
#.# #..... #.#
#....# ....... #.#
#....# ....... #.#
#....# h...... #.#
#...@# .)..... #.#
#...h# ....... #.#
#...)# .......
#.####...o###.......
#....)....).h.......
######....##########
#....# #....# #....#


You could see a howler monkey and an orc priest.

Vanquished Creatures
  2 orc priests
  4 adders
  2 worms
  8 orcs
  7 ball pythons
  5 bats
  4 endoplasms
  5 giant cockroaches
  11 goblins
  4 hobgoblins (D:1)
  6 kobolds
  4 quokkas
  4 frilled lizards
  6 rats
72 creatures vanquished.

Notes
Turn   | Place    | Note
-------+----------+-------------------------------------------
     0 | D:1      | coolguy420 the Deep Elf Conjurer began the quest for the
                  | Orb.
     0 | D:1      | Reached XP level 1. HP: 10/10 MP: 6/6
   251 | D:1      | Reached XP level 2. HP: 15/15 MP: 6/8
   588 | D:1      | Reached skill level 5 in Conjurations
   913 | D:2      | Reached XP level 3. HP: 19/19 MP: 4/9
  1586 | D:2      | Found a glowing golden altar of the Shining One.
  1629 | D:2      | Reached XP level 4. HP: 24/24 MP: 8/11
  1963 | D:3      | Learned a level 2 spell: Searing Ray
  2443 | D:3      | Found a runed translucent gate.
  2443 | D:3      | Found a runed translucent gate.
  2443 | D:3      | Found a runed translucent gate.
  2448 | D:3      | Noticed spaghetti's ghost (weakling OpDe)
  2448 | D:3      | Noticed SensoryNuts's ghost (amateur DsGl)
  2643 | D:3      | Reached XP level 5. HP: 17/28 MP: 8/14
  3326 | D:4      | Reached skill level 5 in Spellcasting
  3326 | D:4      | Reached skill level 6 in Conjurations
  3337 | D:4      | Slain by a howler monkey

Illustrated notes

Levels and vault maps discovered:
D:1:      mrwooster_arrival_statue, layout_basic, grunt_decor_mini_mirrors
D:2:      layout_loops_cross, basic_altar
D:3:      layout_basic, gammafunk_ghost_cemetery, grunt_decor_junction
D:4:      layout_basic, nicolae_tso_besieged_by_evil, serial_shops,
          nicolae_shop_hallway_stairs

Skill      XL: |  1  2  3  4  5 |
---------------+----------------+-----
Conjurations   | 5 6 |  6.0
Stealth        | 3 |  3.3
Spellcasting   | 4 5 |  5.0
Fighting       | |  0.1
Dodging        | |  2.8

Action                   |  1- 3 |  4- 6 || total
-------------------------+-------+-------++-------
 Cast: Magic Dart        |    82 |    72 ||   154
       Searing Ray       |       |     6 ||     6
  Use: Scroll            |       |     3 ||     3
       Potion            |       |     3 ||     3
Armor: Robe              |     1 |     2 ||     3
Dodge: Dodged            |     5 |    16 ||    21

Table legend: (Time is in decaauts)
 A = Elapsed time spent in this place.
 B = Non-inter-level travel time spent in this place.
 C = Inter-level travel time spent in this place.
 D = Time resting spent in this place.
 E = Time spent auto-exploring this place.
 F = Levels seen in this place.
 G = Mean time per level.
                   A        B        C        D        E       F      G
               +--------+--------+--------+--------+--------+-----+--------+
         Total |   3317 |   3243 |     74 |    163 |   2721 |   4 |  829.2 |
       Dungeon |   3317 |   3243 |     74 |    163 |   2721 |   4 |  829.2 |
               +--------+--------+--------+--------+--------+-----+--------+

Top non-repeatable levels by time:
     D:3: 1383 daAuts
     D:2: 917 daAuts
     D:1: 908 daAuts
     D:4: 108 daAuts
